Map: Ruby Rock LE

Players

INexorable

  • Race: Terran Terran
  • Spawn Location: 11:00

A.I. 1 (Very Easy) - Winner!

  • Race: Terran Terran
  • Spawn Location: 5:00

VOD

Have the link to the VOD?

Description

Time

  • Played on: Dec. 22, 2025, 3:15 p.m.
  • Length: 10:26
Show
View Real Time Build Order
Export as new Build Order

INexorable Terran 

Build Orders:  

Get SALT Encoding   

  12  0:00  SCV  
  13  0:12  SCV  
  14  0:16  Supply Depot  
  14  0:24  SCV  
  15  0:38  SCV  
  15  0:39  Barracks  
  16  0:43  Refinery  
  16  0:50  SCV  
  16  0:51  Refinery  
  17  1:02  SCV  
  18  1:14  SCV  
  19  1:26  Orbital Command, Reaper  
  19  1:30  Supply Depot  
  20  1:39  Factory  
  20  1:52  SCV  
  21  1:59  Barracks Reactor  
  21  2:04  SCV  
  22  2:14  Command Center  
  22  2:17  SCV  
  25  2:23  Hellion  
  25  2:29  Supply Depot, SCV  
  26  2:35  Reaper  
  26  2:36  Reaper  
  28  2:41  SCV  
  31  2:44  Hellion  
  31  2:53  SCV  
  31  2:54  Starport  
  32  3:00  Refinery  
  32  3:05  Factory Tech Lab, SCV  
  32  3:07  Marine  
  32  3:09  Marine  
  35  3:18  SCV  
  36  3:27  Cyclone  
  40  3:31  SCV  
  40  3:32  Orbital Command  
  40  3:34  Starport Tech Lab  
  40  3:35  Marine x2  
  42  3:45  SCV  
  42  3:48  Supply Depot  
  43  3:53  Raven  
  45  3:57  SCV x2  
  45  4:01  Siege Tank  
  50  4:05  Marine  
  50  4:07  Marine  
  50  4:08  Interference Matrix  
  50  4:09  SCV  
  53  4:11  SCV  
  54  4:17  Supply Depot  
  54  4:21  SCV  
  54  4:23  Marine, SCV  
  57  4:25  Marine  
  57  4:29  Supply Depot  
  57  4:30  Raven  
  60  4:34  SCV  
  60  4:35  SCV  
  62  4:41  Siege Tank  
  62  4:44  Marine x2  
  67  4:46  SCV  
  67  4:48  SCV  
  69  4:58  SCV  
  70  5:00  SCV  
  70  5:01  Command Center  
  70  5:06  Supply Depot, Raven  
  73  5:10  SCV  
  73  5:12  Refinery  
  73  5:13  SCV  
  75  5:15  Siege Tank  
  78  5:23  Supply Depot  
  78  5:28  SCV x2  
  82  5:30  Supply Depot  
  80  5:40  Barracks, SCV x2  
  80  5:42  Barracks  
  82  5:45  Marine  
  82  5:47  Siege Tank  
  82  5:48  Viking  
  82  5:49  Viking  
  90  5:54  Stimpack  
  90  5:55  Supply Depot  
  90  5:56  SCV  
  91  6:07  Marine  
  91  6:09  SCV x2  
  94  6:13  Supply Depot  
  94  6:18  Viking x2  
  94  6:20  Engineering Bay x2  
  94  6:23  SCV  
  94  6:24  SCV  
  100  6:28  Barracks Reactor x2  
  100  6:32  Refinery  
  100  6:33  Refinery  
  100  6:35  Siege Tank  
  100  6:36  SCV x2  
  106  6:40  Orbital Command  
  105  6:48  Terran Infantry Armor Level 1, Terran Infantry Weapons Level 1, SCV x2  
  105  6:51  Marine  
  108  7:00  Viking x2, SCV  
  113  7:05  SCV x2  
  115  7:10  Siege Tank  
  115  7:12  Marine x2, SCV  
  115  7:13  Marine x3  
  124  7:17  Supply Depot  
  124  7:20  Supply Depot  
  124  7:22  SCV x2  
  126  7:24  Supply Depot  
  126  7:28  Barracks, SCV  
  126  7:29  Barracks  
  127  7:34  SCV x2, Combat Shield  
  127  7:36  Medivac  
  127  7:37  Medivac  
  133  7:39  Marine x3  
  133  7:41  Marine x2  
  138  7:45  Armory  
  138  7:51  Siege Tank  
  142  7:53  Sensor Tower  
  141  8:00  Marine x5  
  141  8:02  Factory  
  141  8:05  SCV x3  
  149  8:06  Supply Depot  
  149  8:08  Medivac x2  
  153  8:18  Barracks Reactor x2  
  153  8:19  Marine x2  
  154  8:20  Command Center, Marine  
  154  8:22  Marine  
  157  8:28  Supply Depot  
  157  8:29  Supply Depot  
  157  8:30  Siege Tank  
  161  8:40  Marine x3  
  163  8:51  Sensor Tower, Marine  
  76  8:55  Medivac x2  
  164  8:56  SCV x3  
  164  9:01  Barracks Reactor  
  171  9:04  Supply Depot x3  
  171  9:05  Siege Tank  
  171  9:08  Marine x2  
  171  9:09  Marine x2, Supply Depot  
  178  9:14  SCV x2  
  180  9:20  Starport  
  180  9:21  Starport, Refinery  
  181  9:24  Refinery  
  181  9:25  Siege Tank  
  181  9:26  Supply Depot  
  183  9:41  Command Center  
  183  9:46  Command Center  
  183  9:56  Viking x2  
  183  9:58  Armory  
  183  9:59  Starport Reactor x2  
  190  10:10  SCV x2  
  195  10:21  Missile Turret  
  195  10:22  Missile Turret  
  195  10:26  Missile Turret  
Show
View Real Time Build Order
Export as new Build Order

A.I. 1 (Very Easy) Terran - Winner!

Build Orders:  

Get SALT Encoding   

  12  0:00  SCV  
  13  0:13  SCV  
  14  0:18  Supply Depot  
  14  0:36  Refinery  
  14  0:42  Barracks  
  14  1:03  Supply Depot  
  14  1:11  Refinery  
  14  1:29  Orbital Command, Barracks Tech Lab  
  14  1:47  Marine  
  15  1:55  SCV  
  16  2:07  SCV  
  17  2:19  SCV  
  18  2:28  Marine  
  19  2:31  SCV  
  20  2:43  SCV  
  21  2:55  SCV  
  22  3:10  Marauder  
  24  6:21  SCV  
  24  6:24  Marine  
  25  6:27  Factory  
  25  6:29  Supply Depot  
  25  6:31  Command Center  
  25  6:33  SCV  
  26  6:45  SCV  
  23  6:53  Supply Depot  
  23  6:58  Marine, SCV  
  25  7:10  SCV  
  25  7:13  Starport  
  26  7:32  Marine  
  27  7:44  SCV  
  28  7:52  SCV  
  28  7:55  Starport Tech Lab, Refinery  
  28  7:56  Refinery  
  29  7:59  SCV  
  30  8:06  Marine, SCV  
  32  8:13  SCV  
  32  8:16  Raven  
  35  8:20  SCV  
  36  8:28  SCV  
  37  8:35  SCV  
  37  8:39  Marine  
  39  8:42  SCV  
  40  8:49  SCV  
  40  8:50  Raven  
  43  8:56  SCV  
  44  9:03  SCV  
  45  9:11  SCV  
  45  9:13  Marauder  
  48  9:18  SCV  
  49  9:25  SCV  
  50  9:32  SCV  
  50  9:47  SCV  
Tags
 
Matchup
TvT
Race
Terran
Spawn Locations
Cross Positions
Add a new tag
Caveats
  • Supply blocks, unpowered buildings, or Contaminate may cause inaccurate times.
  • Supply counts are checked every 10 seconds.